 Dungeon Crawl Stone Soup version 0.17.1-3-g152610e (webtiles) character file.

35919 juanjsm the Unseen (level 13, -4/67 HPs)
             Began as a Spriggan Enchanter on Mar 14, 2016.
             Was a High Priest of Ashenzari.
             Engulfed by an ice statue's freezing vapour (8 damage)
             ... in an ice cave on Mar 15, 2016.
             The game lasted 04:34:23 (20191 turns).

juanjsm the Unseen (Spriggan Enchanter)            Turns: 20191, Time: 04:34:23

Health: -4/67      AC: 12    Str:  9    XL:     13   Next: 50%
Magic:  19/30      EV: 31    Int: 23    God:    Ashenzari [*****.]
Gold:   821        SH:  0    Dex: 17    Spells: 7 memorised, 17 levels left

rFire  . . .     SeeInvis +     O - +3 dagger (protect) (curse)
rCold  . . .     Clarity  +     b - +2 robe (curse)
rNeg   + . .     SustAt   .     (shield restricted)
rPois  .         Gourm    .     (helmet restricted)
rElec  .         Spirit   .     M - +2 cloak (curse)
rCorr  .         Warding  +     (gloves unavailable)
rMut   .         Stasis   .     (boots unavailable)
MR     ++...                    X - amulet of Conformity {Ward +Inv rN+ Str+2 Int+5} (curse)
Stlth  +++++++++.               P - ring of invisibility (curse)
                                w - ring of wizardry (curse)

@: very slightly contaminated, hasted, very quick, very resistant to hostile
enchantments, incredibly stealthy
A: unfitting armour, see invisible, herbivore 3, speed 3, slow metabolism 2
a: Scrying, Transfer Knowledge, Renounce Religion, Evoke Invisibility


You were in an ice cave.
You worshipped Ashenzari.
Ashenzari was extremely pleased with you.
You were not hungry.

You visited 3 branches of the dungeon, and saw 16 of its levels.
You also visited: Ice Cave.

You collected 821 gold pieces.

Inventory:

Hand Weapons
 g - a +2 rapier of draining
 i - the +5 hand axe of Bugresu {freeze, *Confuse rElec rN+ MR+ Stlth+}
   (You found it on level 8 of the Dungeon)

   It has been specially enchanted to freeze those struck by it, causing extra
   injury to most foes and up to half again as much damage against particularly
   susceptible opponents.
   It can also slow down cold-blooded creatures.
   It insulates you from electricity.
   It protects you from negative energy.
   It affects your resistance to hostile enchantments.
   It may confuse you when you take damage.
   It makes you more stealthy.
 O - a cursed +3 dagger of protection (weapon)
Missiles
 s - 4 needles of slowing (quivered)
Armour
 b - a cursed +2 robe (worn)
 M - a cursed +2 cloak (worn)
Jewellery
 p - an uncursed ring of flight
 w - a cursed ring of wizardry (left hand)
 A - a cursed ring of teleportation
 D - an uncursed ring of protection from fire
 P - a cursed ring of invisibility (right hand)
 X - the cursed amulet of Conformity (around neck) {Ward +Inv rN+ Str+2 Int+5}
   (You found it on level 4 of the Lair of Beasts)

   [amulet of warding]

   It may prevent the melee attacks of summoned creatures.
   It affects your strength (+2).
   It affects your intelligence (+5).
   It protects you from negative energy.
   It lets you turn invisible.
   It has a curse placed upon it.
Wands
 a - a wand of fireball (0)
 f - a wand of draining (15)
 r - a wand of magic darts (23)
 v - a wand of digging (5)
 B - a wand of digging (7)
 C - a wand of polymorph (8)
 E - a wand of digging (17)
 F - a wand of cold (11)
 J - a wand of cold (5)
 N - a wand of cold (12)
 Q - a wand of fire (6)
 T - a wand of magic darts (30)
Scrolls
 e - 4 scrolls of immolation
 h - 2 scrolls of amnesia
 k - 2 scrolls of fog
 l - 4 scrolls of magic mapping
 n - a scroll of fear
 q - 4 scrolls of curse weapon
 x - 2 scrolls of curse armour
 L - 2 scrolls of blinking
 S - 3 scrolls of remove curse
Potions
 j - a potion of cure mutation
 m - 3 potions of might
 t - a potion of invisibility
 u - a potion of haste
 H - 3 potions of brilliance
 K - 2 potions of lignification
 R - a potion of agility
 V - a potion of resistance
Books
 c - a book of Maledictions

   Spells                             Type                      Level
   a - Corona                         Hexes                        1
   b - Ensorcelled Hibernation        Hexes/Ice                    2
   c - Confuse                        Hexes                        3
   d - Tukima's Dance                 Hexes                        3
   e - Dazzling Spray                 Conjuration/Hexes            3
 U - a Fen Folio

   Spells                             Type                      Level
   a - Corpse Rot                     Necromancy                   2
   b - Stone Arrow                    Conjuration/Earth            3
   c - Leda's Liquefaction            Hexes/Earth                  4
   d - Summon Forest                  Summoning/Translocation      5
   e - Hydra Form                     Transmutation                6
   f - Summon Hydra                   Summoning                    7
Miscellaneous
 y - a plain deck of defence {the Potion}
 W - a plain deck of defence
 Y - a plain deck of wonders
Comestibles
 d - 8 bread rations
 Z - 3 fruits


   Skills:
 * Level 7.0 Fighting
 + Level 8.3(12.3) Short Blades
 * Level 12.5(14.9) Dodging
 + Level 18.6(20.6) Stealth
 * Level 12.0 Spellcasting
 * Level 11.4(15.1) Hexes
 - Level 0.1(0.7) Ice Magic
 * Level 2.4(5.6) Evocations


You had 17 spell levels left.
You knew the following spells:

 Your Spells              Type           Power        Failure   Level  Hunger
a - Corona                Hex            ######.      0%          1    None
b - Ensorcelled Hibernat  Hex/Ice        ######       1%          2    None
c - Confuse               Hex            ######..     1%          3    None
d - Stone Arrow           Conj/Erth      ###...       4%          3    None
e - Leda's Liquefaction   Hex/Erth       ######....   1%          4    None
f - Dazzling Spray        Conj/Hex       ######..     1%          3    None
g - Tukima's Dance        Hex            ######..     1%          3    None


Dungeon Overview and Level Annotations

Branches:
Dungeon (8/15)             Temple (1/1) D:7            Lair (7/8) D:8
  Swamp (0/4) Lair:6       Spider (0/4) Lair:5        Slime (0/6) Lair:6

Altars:
Ashenzari
Cheibriados
Dithmenos
Elyvilon
Fedhas
Gozag
Kikubaaqudgha
Makhleb
Okawaru
Ru
Sif Muna
Trog
Vehumet
Xom
Yredelemnul
Zin
The Shining One
Jiyva

Shops:
D:4 }

Portals:
Labyrinth: Lair:7

Annotations:
IceCv exclusion: ice statue


Innate Abilities, Weirdness & Mutations

You are tiny and cannot use many weapons and most armour.
You have supernaturally acute eyesight.
You are a herbivore.
You cover ground extremely quickly.
You need consume almost no food.


Message History

Confirm with . or Enter, or press ? or * to list all spells.
Aiming: Confuse
Press: ? - help, Shift-Dir - straight line, f/p - ice beast
Aim: an ice beast (freezing vapour, confused, summoned, chance to defeat MR: 80%)
The ice beast appears confused.
You barely miss the ice beast.
Really walk into a travel-excluded area?
You barely miss the ice beast. You hit the ice beast but do no damage.
You strike the helpless ice beast from behind!
You stick the ice beast like a pincushion!!!
You kill the ice beast!
The ice statue throws cold at you. The freezing blast misses you.
Drink which item? (? for menu, Esc to quit)
You feel yourself speed up.
You are engulfed in freezing vapours.
* * * LOW HITPOINT WARNING * * *
You are very lightly contaminated with residual magic.
You are engulfed in freezing vapours.
You die...

** ≈*, , * *
≈ ** , * ≈* *
* ## ≈ *, *
,* * *#.# ≈≈*
*{{ * ≈ ,
#..#..####
{*{ *,* *
#..8.§Y##, *,
*
#|##..§Y§##,
{ * **
,##.##§§#, *
, * *
**######@#, {
≈* *
##.###§§#,,
** ,
#..§.#..#* **
* ≈
##.§....## ,
* ##§§###...#
*** ,,
##§§#####.##
**
#§§§###.### ≈
≈ *** ≈*
##§§###...##
≈ ≈ ≈≈
#†.###..§.§##
###≈*


You could see an ice statue and 2 ice beasts.

Vanquished Creatures
  4 hydras
  Erica (Lair:1)
  A queen ant (Lair:6)
  A wolf spider (Lair:5)
  2 griffons (Lair:4)
  5 oklob plants (Lair:6)
  13 elephants
  Joseph (D:7)
  A torpor snail (Lair:5)
  7 spiny frogs
  3 black mambas
  3 komodo dragons
  4 fire drakes
  3 polar bears
  17 blink frogs
  27 yaks
  A deep elf fighter (D:8)
  35 wolves
  A hippogriff (Lair:5)
  A basilisk (Lair:3)
  A wyvern (Lair:5)
  6 soldier ants
  3 swamp worms (Lair:2)
  An orc warrior (D:7)
  3 porcupines
  A sky beast (D:7)
  A swamp drake (Lair:6)
  11 water moccasins
  A centaur (D:8)
  8 ice beasts (Lair:7)
  A phantom (D:7)
  3 crocodiles
  17 giant frogs
  A gnoll sergeant (D:6)
  A scorpion (D:6)
  3 electric eels (Lair:4)
  A hound (D:6)
  2 jellies
  The ghost of emiel the Cutter, a weakling SpAK of Lugonu (D:4)
  7 orc priests
  A centaur skeleton (D:6)
  3 crimson imps
  3 giant frog skeletons (D:4)
  A gnoll shaman (D:6)
  4 orc wizards
  2 iguanas
  12 worker ants
  8 sheep
  11 gnolls
  51 river rats
  17 adders
  2 shadow imps (D:8)
  An ooze (D:1)
  An adder skeleton (D:4)
  4 adder zombies
  23 worms
  3 giant geckos
  18 orcs
  3 giant cockroaches
  8 goblins
  6 hobgoblins
  14 jackals
  6 quokkas
  3 ball pythons
  20 bats
  9 giant newts
  A jackal skeleton (D:4)
  12 kobolds
  14 rats
  A fungus (Lair:3)
  2 plants (Lair:4)
468 creatures vanquished.

Vanquished Creatures (others)
  A polar bear (IceCv)
  A yak (IceCv)
  2 bushes
  29 fungi
  40 plants
73 creatures vanquished.

Grand Total: 541 creatures vanquished

Notes
Turn   | Place    | Note
--------------------------------------------------------------
     0 | D:1      | juanjsm the Spriggan Enchanter began the quest for the Orb.
     0 | D:1      | Reached XP level 1. HP: 9/9 MP: 5/5
   527 | D:1      | Reached XP level 2. HP: 13/13 MP: 4/6
   542 | D:1      | Learned a level 2 spell: Ensorcelled Hibernation
   789 | D:1      | Reached skill level 5 in Stealth
  1082 | D:2      | Reached XP level 3. HP: 16/16 MP: 4/8
  1272 | D:2      | Learned a level 3 spell: Confuse
  1586 | D:2      | Found a faded altar to an unknown god.
  1674 | D:2      | Reached skill level 6 in Stealth
  2000 | D:2      | Found a blossoming altar of Fedhas.
  2131 | D:3      | Reached XP level 4. HP: 17/21 MP: 7/9
  2380 | D:3      | Found a shadowy altar of Dithmenos.
  2598 | D:3      | Reached skill level 7 in Stealth
  3113 | D:4      | Reached XP level 5. HP: 23/25 MP: 5/10
  3214 | D:4      | Found Putsozepn's Gadget Shoppe.
  3275 | D:4      | Reached skill level 1 in Fighting
  3303 | D:4      | Noticed emiel's ghost (weakling SpAK)
  3368 | D:4      | Killed emiel's ghost
  3368 | D:4      | Reached skill level 8 in Stealth
  3583 | D:4      | Reached XP level 6. HP: 19/30 MP: 10/12
  3771 | D:5      | Entered Level 5 of the Dungeon
  4108 | D:5      | Found a shimmering altar of Xom.
  4233 | D:5      | Found a glowing silver altar of Zin.
  4838 | D:6      | Found a radiant altar of Vehumet.
  4840 | D:6      | Found an ancient bone altar of Kikubaaqudgha.
  4840 | D:6      | Found a deep blue altar of Sif Muna.
  4845 | D:6      | Identified Kikubaaqudgha's Disquisition on Black Rites
  4852 | D:6      | Identified Vehumet's Almanac of Combat Magic
  4859 | D:6      | Identified Sif Muna's Compendium of Transmigration
  5218 | D:6      | Reached XP level 7. HP: 31/35 MP: 0/13
  5538 | D:6      | Reached skill level 9 in Stealth
  6497 | D:6      | Reached skill level 5 in Dodging
  6753 | D:6      | Reached skill level 5 in Hexes
  6973 | D:7      | Noticed Joseph
  7346 | D:7      | Reached XP level 8. HP: 15/39 MP: 5/16
  7528 | D:7      | Found a snail-covered altar of Cheibriados.
  7530 | D:7      | Found a sacrificial altar of Ru.
  7530 | D:7      | Found a shimmering altar of Xom.
  7605 | D:7      | Reached skill level 10 in Stealth
  7696 | D:7      | HP: 1/39 [Joseph/uncursed quarterstaff (12)]
  7712 | D:7      | Killed Joseph
  7712 | D:7      | Reached skill level 5 in Spellcasting
  8653 | D:7      | Found a staircase to the Ecumenical Temple.
  8668 | Temple   | Entered the Ecumenical Temple
  8736 | Temple   | Became a worshipper of Ashenzari the Shackled
  9040 | D:8      | Reached skill level 11 in Stealth
  9083 | D:8      | Found a staircase to the Lair.
  9111 | D:8      | Reached XP level 9. HP: 12/44 MP: 1/18
  9600 | D:8      | Found an iron altar of Okawaru.
  9690 | D:8      | Identified the +5 hand axe of Bugresu {freeze, *Confuse rElec rN+ MR+ Stlth+}
  9836 | D:8      | Reached * piety under Ashenzari
 10185 | Lair:1   | Entered Level 1 of the Lair of Beasts
 10256 | Lair:1   | Reached skill level 5 in Short Blades
 10287 | Lair:1   | Noticed Erica
 10299 | Lair:1   | Killed Erica
 10299 | Lair:1   | Reached skill level 12 in Stealth
 10376 | Lair:1   | Reached skill level 13 in Stealth
 10563 | Lair:1   | Reached XP level 10. HP: 37/50 MP: 5/20
 10848 | Lair:1   | Reached ** piety under Ashenzari
 10886 | Lair:1   | Reached skill level 14 in Stealth
 12807 | Lair:3   | Reached skill level 15 in Stealth
 12955 | Lair:3   | Noticed a black mamba
 12956 | Lair:3   | Killed a black mamba
 12960 | Lair:3   | Reached skill level 5 in Fighting
 12960 | Lair:3   | Reached XP level 11. HP: 55/55 MP: 18/23
 12984 | Lair:3   | Reached *** piety under Ashenzari
 12996 | Lair:3   | Noticed a five-headed hydra
 13088 | Lair:3   | Reached skill level 10 in Dodging
 13494 | Lair:3   | Reached skill level 16 in Stealth
 14320 | Lair:3   | Learned a level 3 spell: Stone Arrow
 14325 | Lair:3   | Learned a level 4 spell: Leda's Liquefaction
 14635 | Lair:4   | Identified the amulet of Conformity {Ward +Inv rN+ Str+2 Int+5}
 14861 | Lair:4   | Reached **** piety under Ashenzari
 15007 | Lair:4   | Noticed a lindwurm
 15240 | Lair:4   | Reached skill level 17 in Stealth
 15292 | Lair:4   | Noticed a five-headed hydra
 15788 | Lair:4   | Killed a five-headed hydra
 15837 | Lair:4   | Reached XP level 12. HP: 34/60 MP: 12/26
 16128 | Lair:5   | Found a hole to the Spider Nest.
 16658 | Lair:5   | Reached skill level 10 in Spellcasting
 17155 | Lair:5   | Reached skill level 1 in Evocations
 17161 | Lair:5   | Reached skill level 10 in Hexes
 17253 | Lair:5   | Noticed a five-headed hydra
 17284 | Lair:5   | Killed a five-headed hydra
 17544 | Lair:5   | Noticed a five-headed hydra
 17570 | Lair:5   | Killed a five-headed hydra
 18563 | Lair:6   | Reached XP level 13. HP: 59/65 MP: 7/29
 18590 | Lair:6   | Gained mutation: You expend magic power (3 MP) to strengthen your wands. [potion of mutation]
 18590 | Lair:6   | Gained mutation: You have large cloven feet. [potion of mutation]
 18741 | Lair:6   | Reached skill level 18 in Stealth
 18908 | Lair:6   | Noticed a five-headed hydra
 18968 | Lair:6   | Found a viscous altar of Jiyva.
 18970 | Lair:6   | Killed a five-headed hydra
 18981 | Lair:6   | Found a staircase to the Slime Pits.
 19336 | Lair:6   | Found a staircase to the Swamp.
 19393 | Lair:6   | Reached ***** piety under Ashenzari
 19756 | Lair:6   | Lost mutation: You have large cloven feet. [potion of cure mutation]
 19756 | Lair:6   | Lost mutation: You expend magic power (3 MP) to strengthen your wands. [potion of cure mutation]
 19762 | Lair:6   | Learned a level 3 spell: Dazzling Spray
 19766 | Lair:6   | Learned a level 3 spell: Tukima's Dance
 19777 | Lair:7   | Found a labyrinth entrance.
 19795 | Lair:7   | Found a frozen archway.
 19902 | IceCv    | Entered an ice cave
 20191 | IceCv    | Engulfed by an ice statue's freezing vapour

Action                   |  1- 3 |  4- 6 |  7- 9 | 10-12 | 13-15 || total
-------------------------+-------+-------+-------+-------+-------++-------
Melee: Dagger            |    96 |   212 |   392 |   670 |   193 ||  1563
 Cast: Corona            |     5 |    13 |    25 |    12 |     4 ||    59
       Ensorcelled Hiber |    30 |    37 |    95 |   282 |    31 ||   475
       Confuse           |       |     6 |     4 |    38 |    25 ||    73
       Stone Arrow       |       |       |       |     5 |       ||     5
       Leda's Liquefacti |       |       |       |     1 |       ||     1
       Dazzling Spray    |       |       |       |       |     1 ||     1
Invok: Scrying           |       |       |       |     2 |       ||     2
 Abil: Evoke Invisibilit |       |       |       |       |     4 ||     4
Evoke: Wand              |       |       |       |    20 |       ||    20
  Use: Scroll            |       |     6 |    13 |    13 |     9 ||    41
       Potion            |       |       |    11 |     2 |     7 ||    20
 Stab: Sleeping          |    34 |    40 |    62 |   139 |    33 ||   308
       Confused          |       |     2 |     2 |    21 |    20 ||    45
       Distracted        |       |       |     3 |     6 |     2 ||    11
       Invisible         |       |       |     1 |       |     9 ||    10
  Eat: Pizza             |     1 |     3 |     1 |       |       ||     5
       Royal jelly       |       |       |     1 |       |       ||     1
       Fruit             |       |       |     3 |     3 |       ||     6
       Bread ration      |       |       |     1 |     1 |       ||     2
